 Dungeon Crawl Stone Soup version 0.22-a0-750-ga7dcef7 (webtiles) character file.

490 sking99 the Chopper (level 7, 20/61 HPs)
             Began as a Hill Orc Fighter on July 15, 2018.
             Quit the game on level 4 of the Dungeon.
             The game lasted 00:06:17 (3825 turns).

sking99 the Chopper (Hill Orc Fighter)              Turns: 3825, Time: 00:06:17

Health: 20/61      AC: 10    Str: 19      XL:     7   Next: 14%
Magic:  7/7        EV:  7    Int:  8      God:
Gold:   231        SH:  0    Dex:  9 (12) Spells: 6/6 levels left

rFire    . . .     SeeInvis .   l - +0 battleaxe
rCold    . . .     Gourm    .   (shield currently unavailable)
rNeg     . . .     Faith    .   n - +0 chain mail
rPois    .         Spirit   .   (no helmet)
rElec    .         Reflect  .   (no cloak)
rCorr    .         Harm     .   m - +0 pair of gloves
MR       .....                  (no boots)
Stlth    ..........             (no amulet)
HPRegen  0.20/turn              (no ring)
MPRegen  0.10/turn              (no ring)

@: no status effects
A: no striking features
a: no special abilities


You were on level 4 of the Dungeon.
You were not hungry.

You visited 1 branch of the dungeon, and saw 4 of its levels.

You collected 231 gold pieces.

Inventory:

Hand Weapons
 a - a +1 war axe
 l - a +0 battleaxe (weapon)
Armour
 c - a +0 shield
 m - a +0 pair of gloves (worn)
 n - a +0 chain mail (worn)
Scrolls
 g - a scroll of remove curse
 i - 2 scrolls of teleportation
 j - 2 scrolls of enchant weapon
 o - a scroll of blinking {unknown}
Potions
 b - 3 potions of heal wounds {unknown}
 d - 2 potions of might
 e - 2 potions of lignification
 h - 3 potions of curing
 k - 2 potions of brilliance
 p - a potion of haste {unknown}
 q - a potion of agility {unknown}
Comestibles
 f - 4 rations
 r - 7 chunks of flesh


   Skills:
 + Level 5.6 Fighting
 * Level 7.2 Axes
 - Level 3.7 Armour
 - Level 4.8 Shields


You had 6 spell levels left.
You didn't know any spells.
Your spell library was empty.

Dungeon Overview and Level Annotations

Branches:
Dungeon (4/15)
 Temple: D:4-7

Altars:
Dithmenos
Fedhas
Hepliaklqana
Nemelex Xobeh
Okawaru
Ru
Vehumet
Xom
Yredelemnul

Annotations:
D:4 Eustachio


Message History

The quasit disappears in a puff of smoke!
The bat hits you but does no damage. The bat hits you.
* * * LOW HITPOINT WARNING * * *
The bat hits you but does no damage. x2
The bat hits you but does no damage. The bat hits you but does no damage.
The bat hits you but does no damage. The bat hits you but does no damage. x2
The bat hits you but does no damage. The bat hits you but does no damage.
The bat barely misses you. The bat hits you but does no damage.
The bat barely misses you. The bat hits you but does no damage.
The bat hits you but does no damage. The bat closely misses you.
The bat hits you but does no damage. The bat hits you but does no damage.
The bat barely misses you. The bat barely misses you.
The bat hits you but does no damage.
Some of the chunks of flesh in your inventory have rotted away.
The bat closely misses you. The bat barely misses you.
The bat hits you but does no damage. x2
Are you sure you want to abandon this character and quit the game? (Confirm with "yes".)

......5r.....# #.....
....r#######.# #.....
###### #5###### #.....
#......# #..... ##
##r....# #..... .#
#.....# #..... .# ##....#
##.... 5#
######.b#############....
....
.......b@...........[....
..##..
#######.######.######....
..# #..# #.# ##### ..#
##.# #.# .## #.# #.# .#
#.# #.# #.# #.# #.## #.#
#..# #.#


You could see a quasit, 2 bats and a rat.

Vanquished Creatures
  Blork the orc (D:4)
  A scorpion (D:4)
  A quasit (D:3)
  4 orc priests
  An orc wizard (D:3)
  2 worker ants (D:4)
  5 adders
  2 worms
  3 dart slugs
  5 leopard geckos
  10 orcs
  3 ball pythons
  4 giant cockroaches
  9 goblins
  6 hobgoblins
  4 jackals (D:4)
  10 bats
  3 frilled lizards
  6 kobolds
  A leopard gecko skeleton (D:4)
  A quokka skeleton (D:4)
  10 rats
  A spectral orc (D:2)
93 creatures vanquished.

Notes
Turn   | Place    | Note
-------+----------+-------------------------------------------
     0 | D:1      | sking99 the Hill Orc Fighter began the quest for the Orb.
     0 | D:1      | Reached XP level 1. HP: 19/19 MP: 1/1
    97 | D:1      | Reached skill level 3 in Axes
   193 | D:1      | Reached XP level 2. HP: 27/27 MP: 2/2
   861 | D:1      | Reached XP level 3. HP: 30/33 MP: 3/3
  1266 | D:2      | Found a faded altar of an unknown god.
  1377 | D:2      | Reached skill level 4 in Axes
  1411 | D:2      | Reached XP level 4. HP: 40/40 MP: 4/4
  1870 | D:2      | Found a basalt altar of Yredelemnul.
  2021 | D:3      | Found a sacrificial altar of Ru.
  2028 | D:3      | Found an iron altar of Okawaru.
  2030 | D:3      | Found a hazy altar of Hepliaklqana.
  2071 | D:3      | Found a sparkling altar of Nemelex Xobeh.
  2073 | D:3      | Found a blossoming altar of Fedhas.
  2073 | D:3      | Found a shimmering altar of Xom.
  2086 | D:3      | Reached XP level 5. HP: 47/47 MP: 5/5
  2094 | D:3      | Reached skill level 5 in Axes
  2466 | D:3      | Found a radiant altar of Vehumet.
  2485 | D:3      | Found a shadowy altar of Dithmenos.
  2547 | D:3      | Reached XP level 6. HP: 40/55 MP: 6/6
  2872 | D:3      | Reached skill level 5 in Fighting
  2872 | D:3      | Reached skill level 6 in Axes
  3139 | D:4      | Noticed Blork the orc
  3158 | D:4      | Killed Blork the orc
  3610 | D:4      | Reached XP level 7. HP: 49/61 MP: 7/7
  3763 | D:4      | Reached skill level 7 in Axes
  3781 | D:4      | Noticed Eustachio
  3825 | D:4      | Quit the game

Vault maps used:
D:1:      dpeg_arrival_brainrot, minmay_misc_feat_room
D:2:      yredelemnul_forgotten_temple_becter, chequers_ecumenical_altar_simple
D:3:      fiery_altar_vehumet, grunt_temple_overflow_open, minmay_misc_feat_iff
D:4:      lemuel_doored_altar, gammafunk_ghost_grave, first_ration,
          uniq_eustachio, uniq_blork_the_orc

Skill      XL: |  1  2  3  4  5  6  7 |
---------------+----------------------+-----
Axes           | 3 4 5 6 7 |  7.2
Fighting       | 4 5 |  5.6
Shields        | 4 |  4.8
Armour         | |  3.7

Action                   |  1- 3 |  4- 6 |  7- 9 || total
-------------------------+-------+-------+-------++-------
Melee: War axe           |   132 |   206 |       ||   338
       Battleaxe         |       |    21 |    22 ||    43
  Use: Scroll            |       |     8 |       ||     8
  Eat: Chunk             |     2 |     7 |     1 ||    10
Armor: Scale mail        |    51 |       |       ||    51
       Chain mail        |    28 |   166 |    69 ||   263
Dodge: Dodged            |    32 |    75 |    32 ||   139
Block: Shield            |    59 |   128 |       ||   187

Table legend:
 A = Spawn XP
 B = Non-spawn XP
 C = Spawn XP percentage of total XP
 D = Spawn monster count
 E = Non-spawn monster count
 F = Spawn count percentage of total count
 G = Total turns spent on level
                    A         B        C        D         E        F      G
               +---------+---------+-------+---------+---------+-------+---------
         Total |       0 |     701 |   0.0 |       0 |      93 |   0.0 |  3825
               +---------+---------+-------+---------+---------+-------+---------
           D:1 |       0 |      44 |   0.0 |       0 |      22 |   0.0 |  1193
           D:2 |       0 |      80 |   0.0 |       0 |      23 |   0.0 |   814
           D:3 |       0 |     266 |   0.0 |       0 |      30 |   0.0 |  1021
           D:4 |       0 |     311 |   0.0 |       0 |      18 |   0.0 |   797
               +---------+---------+-------+---------+---------+-------+---------
